Workbook

Sheet APRIL
A1: INCOME AND EXPENDITURE ACCOUNT FOR APRIL 2025
A3: OPENING BALANCE AT BANK | D3: 6497.42
A4: INCOME | B4: DATE | C4: £ | F4: EXPENDITURE | G4: Chq No | H4: DATE | I4: £
A5: Subs | C5: 592 | F5: CLEAR INSURANCE | I5: 705.6
F6: D of E | I6: 30.5
F7: BT | I7: 69.72
A14: TOTAL INCOME FOR APRIL | D14: =SUM(C5:C11) -> 592 | F14: TOTAL EXPENDITURE FOR APRIL | J14: =SUM(I5:I11) -> 805.82
A16: CLOSING BALNCE AS AT 30TH APRIL | D16: =D3+D14-J14 -> 6283.6

Sheet MAY
A1: INCOME AND EXPENDITURE ACCOUNT FOR MAY 2025
A3: OPENING BALANCE AT BANK | D3: =APRIL!D16 -> 6283.6
A4: INCOME | B4: DATE | C4: £ | E4: EXPENDITURE | F4: Cheque No | G4: DATE | H4: £
A5: Subs | C5: 442 | E5: BT | H5: 69.72
A6: Donation (Glasgow Phil) | C6: 100
D14: =SUM(C5:C11) -> 542 | H14: =SUM(H5:H13) -> 69.72
A18: CLOSING BALANCE AT BANK AND CASH 31ST MAY | E18: =D3+D14-H14 -> 6755.88

Sheet JUNE
A1: INCOME AND EXPENDITURE ACCOUNT FOR JUNE 2025
A3: OPENING BALANCE AT BANK | D3: =MAY!E18 -> 6755.88
A4: INCOME | B4: DATE | C4: £ | F4: EXPENDITURE | H4: DATE | I4: £
A5: Subs | C5: 612 | F5: BT | I5: 69.72
A6: WSW Camps | C6: 200
D16: =SUM(C5:C11) -> 812 | I16: =SUM(I5:I15) -> 69.72
A20: CLOSING BALANCE AT BANK AND CASH 30TH JUNE | F20: =D3+D16-I16 -> 7498.16

Sheet JULY
A1: INCOME AND EXPENDITURE ACCOUNT FOR JULY 2025
A3: OPENING BALANCE AT BANK | E3: =JUNE!F20 -> 7498.16
A4: INCOME | B4: DATE | C4: £ | F4: EXPENDITURE | H4: DATE | I4: £
A5: Subs | C5: 442 | F5: SPORTS & WELFA | I5: 480
A6: WSW Camps | C6: 200 | F6: BT | I6: 69.72
D13: =SUM(C5:C11) -> 642 | I13: =SUM(I5:I12) -> 549.72
A15: CLOSING BALANCE AT BANK AND CASH 31st JULY | E15: =E3+D13-I13 -> 7590.44

Sheet AUGUST
A1: INCOME AND EXPENDITURE ACCOUNT FOR AUGUST 2025
A3: OPENING BALANCE AT BANK | D3: =JULY!E15 -> 7590.44
A4: INCOME | B4: DATE | C4: £ | F4: EXPENDITURE | H4: DATE | I4: £
A5: Subs | C5: =430.88-C6 -> 412 | F5: BT | I5: 69.72
A6: EASY FUND RAISING | C6: 18.88
D12: =SUM(C5:C12) -> 430.88 | I12: =SUM(I5:I10) -> 69.72
A16: CLOSING BALANCE AS AT BANK AND CASH 31st AUGUST | E16: =D3+D12-I12 -> 7951.6

Sheet SEPTEMBER
A1: INCOME AND EXPENDITURE ACCOUNT FOR SEPTEMBER 2025
A3: OPENING BALANCE AT BANK | E3: =AUGUST!E16 -> 7951.6
A4: INCOME | B4: Date | D4: £ | G4: EXPENDITURE | H4: CHQ NO | I4: Date | J4: £
A5: Subs | D5: 502 | G5: TONERS | J5: 169.31
G6: BT | J6: 69.72
D16: =SUM(D5:D12) -> 502 | J16: =SUM(J5:J14) -> 239.03
A19: CLOSING BALANCE AS AT 30 SEPT | E19: =E3+D16-J16 -> 8214.57

Sheet OCTOBER
A1: INCOME AND EXPENDITURE ACCOUNT FOR OCTOBER 2025
A3: OPENING BALANCE AT BANK | D3: =SEPTEMBER!E19 -> 8214.57
A4: INCOME | B4: DATE | C4: £ | F4: EXPENDITURE | G4: CHQ NO | I4: £
A5: Subs | C5: 372 | F5: YASMEEN KHAN | I5: 149.76
F6: WSW Subs | I6: 990.6
F7: MRS ISABELLA HOOD | I7: 79.25
F8: BT | I8: 83.65
C14: =SUM(C5:C13) -> 372 | I14: =SUM(I5:I12) -> 1303.26
A15: CLOSING BALANCE AS AT 31 OCT | E15: =D3+C14-I14 -> 7283.31

Sheet NOVEMBER
A1: INCOME AND EXPENDITURE ACCOUNT FOR NOVEMBER 2025
A3: OPENING BALANCE AT BANK | D3: =OCTOBER!E15 -> 7283.31
A5: INCOME | B5: DATE | C5: £ | F5: EXPENDITURE | G5: CHQ NO | H5: DATE | I5: £
A6: Subs | C6: 392 | F6: BT | I6: 84.12
A7: DofE Refund | C7: 56
D19: =SUM(C6:C19) -> 448 | I19: =SUM(I6:I18) -> 84.12
A21: CLOSING BALANCE AS AT 30TH NOVEMBER | E21: =D3+D19-I19 -> 7647.19

Sheet DECEMBER
A1: INCOME AND EXPENDITURE ACCOUNT FOR DECEMBER 2025
A3: OPENING BALANCE AT BANK | D3: =NOVEMBER!E21 -> 7647.19
A4: INCOME | B4: DATE | F4: EXPENDITURE | G4: CHQ NO | H4: Date | I4: £
A5: Subs | D5: 402 | F5: YASMEEN KHAN | I5: 45.98
A6: Donation (Glasgow Phil) | D6: 235 | F6: BT | I6: 84.12
I15: =SUM(I5:I14) -> 130.1
E16: =SUM(D5:D15) -> 637
A19: CLOSING BALANCE AS AT 31ST DECEMBER | E19: =D3+E16-I15 -> 8154.09

Sheet JANUARY
A1: INCOME AND EXPENDITURE ACCOUNT FOR JANUARY 2026
A3: OPENING BALANCE AT BANK | D3: =DECEMBER!E19 -> 8154.09
A5: INCOME | B5: DATE | C5: £ | F5: EXPENDITURE | G5: CHQ NO | I5: £
A6: Subs | C6: 330 | F6: BT | I6: 84.12
D13: =SUM(C6:C12) -> 330
A15: CLOSING BALANCE AT BANK AND CASH 31st January | E15: =D3+D13-I15 -> 8399.97 | I15: =SUM(I6:I13) -> 84.12

Sheet FEBRUARY
A1: INCOME AND EXPENDITURE ACCOUNT FOR FEBRUARY 2026
A3: OPENING BALANCE AT BANK | D3: =JANUARY!E15 -> 8399.97
A5: INCOME | B5: DATE | C5: £ | F5: EXPENDITURE | H5: CHQ NO | I5: £
A6: D of E | C6: 30.5 | F6: BT | I6: 84.12
A7: WSW CAMP REFUND | C7: 120 | F7: D of E | I7: 30.5
A8: Subs | C8: =722.5-C7-C6 -> 572
C17: =SUM(C6:C12) -> 722.5 | I17: =SUM(I6:I15) -> 114.62
A19: CLOSING BALANCE AT BANK AND CASH February | E19: =D3+C17-I17 -> 9007.85

Sheet March
A1: INCOME AND EXPENDITURE ACCOUNT FOR March 2026
A3: OPENING BALANCE AT BANK | D3: =FEBRUARY!E19 -> 9007.85
A5: INCOME | B5: DATE | C5: £ | F5: EXPENDITURE | G5: CHQ NO | H5: Date | I5: £
A6: Subs | C6: 712 | F6: FRANKLINS INTERNAT | I6: 73.5
F7: BT | I7: 99.66
F8: ATC S&NI GP FUND | I8: 160
F9: VIKING | I9: 223.58
F10: WSW Subs | I10: 1155
C16: =SUM(C6:C12) -> 712 | I16: =SUM(I6:I15) -> 1711.74
A18: CLOSING BALANCE AS AT BANK AND CASH 31st March | E18: =D3+C16-I16 -> 8008.11

Sheet INCOME SUMMARY
A1: INCOME
B2: SUBS | C2: =AUGUST!A6 -> EASY FUND RAISING | D2: =FEBRUARY!A7 -> WSW CAMP REFUND | E2: =FEBRUARY!A6 -> D of E | F2: DONATION | G2: WSW CAMPS | M2: MONTHLY TOTAL
A4: APRIL | B4: =APRIL!D14 -> 592 | M4: =SUM(B4:L4) -> 592
A5: MAY | B5: =MAY!C5 -> 442 | F5: =MAY!C6 -> 100 | M5: =SUM(B5:L5) -> 542
A6: JUNE | B6: =JUNE!C5 -> 612 | G6: =JUNE!C6 -> 200 | M6: =SUM(B6:L6) -> 812
A7: JULY | B7: =JULY!C5 -> 442 | G7: =JULY!C6 -> 200 | M7: =SUM(B7:L7) -> 642
A8: AUGUST | B8: =AUGUST!C5 -> 412 | C8: =AUGUST!C6 -> 18.88 | M8: =SUM(B8:L8) -> 430.88
A9: SEPTEMBER | B9: =SEPTEMBER!D5 -> 502 | M9: =SUM(B9:L9) -> 502
A10: OCTOBER | B10: =OCTOBER!C5 -> 372 | M10: =SUM(B10:L10) -> 372
A11: NOVEMBER | B11: =NOVEMBER!C6 -> 392 | E11: =NOVEMBER!C7 -> 56 | M11: =SUM(B11:L11) -> 448
A12: DECEMBER | B12: =DECEMBER!D5 -> 402 | F12: =DECEMBER!D6 -> 235 | M12: =SUM(B12:L12) -> 637
A13: JANUARY | B13: =JANUARY!C6 -> 330 | M13: =SUM(B13:L13) -> 330
A14: FEBRUARY | B14: =FEBRUARY!C8 -> 572 | D14: =FEBRUARY!C7 -> 120 | E14: =FEBRUARY!C6 -> 30.5 | M14: =SUM(B14:L14) -> 722.5
A15: MARCH | B15: =March!C6 -> 712 | M15: =SUM(B15:L15) -> 712
A16: TOTALS | B16: =SUM(B4:B15) -> 5782 | C16: =SUM(C4:C15) -> 18.88 | D16: =SUM(D4:D15) -> 120 | E16: =SUM(E4:E15) -> 86.5 | F16: =SUM(F4:F15) -> 335 | G16: =SUM(G4:G15) -> 400 | H16: =SUM(H4:H15) -> 0 | I16: =SUM(I4:I15) -> 0 | ... M16: =SUM(M4:M15) -> 6742.38

Sheet EXP SUMMARY
A1: EXPENDITURE
B3: =APRIL!F7 -> BT | C3: =APRIL!F6 -> D of E | D3: =APRIL!F5 -> CLEAR INSURANCE | E3: =JULY!F5 -> SPORTS & WELFA | F3: =SEPTEMBER!G5 -> TONERS | G3: =OCTOBER!F5 -> YASMEEN KHAN | H3: =OCTOBER!F7 -> MRS ISABELLA HOOD | I3: =OCTOBER!F6 -> WSW Subs | J3: =March!F6 -> FRANKLINS INTERNAT | K3: =March!F8 -> ATC S&NI GP FUND | L3: =March!F9 -> VIKING | M3: MONTHLY TOTAL
A5: APRIL | B5: =APRIL!I7 -> 69.72 | C5: =APRIL!I6 -> 30.5 | D5: =APRIL!I5 -> 705.6 | M5: =SUM(B5:L5) -> 805.82
A6: MAY | B6: =MAY!H5 -> 69.72 | M6: =SUM(B6:L6) -> 69.72
A7: JUNE | B7: =JUNE!I5 -> 69.72 | M7: =SUM(B7:L7) -> 69.72
A8: JULY | B8: =JULY!I6 -> 69.72 | E8: =JULY!I5 -> 480 | M8: =SUM(B8:L8) -> 549.72
A9: AUG | B9: =AUGUST!I5 -> 69.72 | M9: =SUM(B9:L9) -> 69.72
A10: SEPT | B10: =SEPTEMBER!J6 -> 69.72 | F10: =SEPTEMBER!J5 -> 169.31 | M10: =SUM(B10:L10) -> 239.03
A11: OCT | B11: =OCTOBER!I8 -> 83.65 | G11: =OCTOBER!I5 -> 149.76 | H11: =OCTOBER!I7 -> 79.25 | I11: =OCTOBER!I6 -> 990.6 | M11: =SUM(B11:L11) -> 1303.26
A12: NOV | B12: =NOVEMBER!I6 -> 84.12 | M12: =SUM(B12:L12) -> 84.12
A13: DEC | B13: =DECEMBER!I6 -> 84.12 | G13: =DECEMBER!I5 -> 45.98 | M13: =SUM(B13:L13) -> 130.1
A14: JAN | B14: =JANUARY!I6 -> 84.12 | M14: =SUM(B14:L14) -> 84.12
A15: FEB | B15: =FEBRUARY!I6 -> 84.12 | C15: =FEBRUARY!I7 -> 30.5 | M15: =SUM(B15:L15) -> 114.62
A16: MAR | B16: =March!I7 -> 99.66 | I16: =March!I10 -> 1155 | J16: =March!I6 -> 73.5 | K16: =March!I8 -> 160 | L16: =March!I9 -> 223.58 | M16: =SUM(B16:L16) -> 1711.74
A17: TOTAL | B17: =SUM(B5:B16) -> 938.11 | C17: =SUM(C5:C16) -> 61 | D17: =SUM(D5:D16) -> 705.6 | E17: =SUM(E5:E16) -> 480 | F17: =SUM(F5:F16) -> 169.31 | G17: =SUM(G5:G16) -> 195.74 | H17: =SUM(H5:H16) -> 79.25 | I17: =SUM(I5:I16) -> 2145.6 | ... M17: =SUM(M5:M16) -> 5231.69

Sheet 2452 Summary
C2: 2453 Shawlands Year 25-26
A4: Income | E4: Expenditure
A6: ='INCOME SUMMARY'!B2 -> SUBS | C6: ='INCOME SUMMARY'!B16 -> 5782 | E6: ='EXP SUMMARY'!I3 -> WSW Subs | G6: ='EXP SUMMARY'!I17 -> 2145.6
A8: ='INCOME SUMMARY'!C2 -> EASY FUND RAISING | C8: ='INCOME SUMMARY'!C16 -> 18.88 | E8: ='EXP SUMMARY'!B3 -> BT | G8: ='EXP SUMMARY'!B17 -> 938.11
A10: ='INCOME SUMMARY'!D2 -> WSW CAMP REFUND | C10: ='INCOME SUMMARY'!D16 -> 120 | E10: ='EXP SUMMARY'!C3 -> D of E | G10: ='EXP SUMMARY'!C17 -> 61
A12: ='INCOME SUMMARY'!E2 -> D of E | C12: ='INCOME SUMMARY'!E16 -> 86.5 | E12: ='EXP SUMMARY'!D3 -> CLEAR INSURANCE | G12: ='EXP SUMMARY'!D17 -> 705.6
A14: ='INCOME SUMMARY'!F2 -> DONATION | C14: ='INCOME SUMMARY'!F16 -> 335 | E14: ='EXP SUMMARY'!E3 -> SPORTS & WELFA | G14: ='EXP SUMMARY'!E17 -> 480
A16: ='INCOME SUMMARY'!G2 -> WSW CAMPS | C16: ='INCOME SUMMARY'!G16 -> 400 | E16: ='EXP SUMMARY'!F3 -> TONERS | G16: ='EXP SUMMARY'!F17 -> 169.31
E18: ='EXP SUMMARY'!G3 -> YASMEEN KHAN | G18: ='EXP SUMMARY'!G17 -> 195.74
E20: ='EXP SUMMARY'!H3 -> MRS ISABELLA HOOD | G20: ='EXP SUMMARY'!H17 -> 79.25
E22: ='EXP SUMMARY'!J3 -> FRANKLINS INTERNAT | G22: ='EXP SUMMARY'!J17 -> 73.5
E24: ='EXP SUMMARY'!K3 -> ATC S&NI GP FUND | G24: ='EXP SUMMARY'!K17 -> 160
E26: ='EXP SUMMARY'!L3 -> VIKING | G26: ='EXP SUMMARY'!L17 -> 223.58
A29: TOTAL | C29: =SUM(C6:C27) -> 6742.38 | E29: TOTAL | G29: =SUM(G6:G27) -> 5231.69
